 Dungeon Crawl Stone Soup version 0.29.1-15-g9cfb28693d (webtiles) character file.

Game seed: 15119715145994701110

6527 BuddhaDhamma the Severer (level 10, -2/77 HPs)
             Began as a Minotaur Berserker on Mar 15, 2023.
             Was an Elder of Trog.
             Engulfed by an ice statue's freezing vapour (14 damage)
             ... on level 9 of the Dungeon.
             The game lasted 00:15:54 (8016 turns).

BuddhaDhamma the Severer (Minotaur Berserker)       Turns: 8016, Time: 00:15:55

Health: -2/77      AC: 16    Str: 26    XL:     10   Next: 69%
Magic:  9/9        EV:  9    Int:  4    God:    Trog [****..]
Gold:   573        SH:  0    Dex: 10    Spells: 9/9 levels left

rFire   + + .      SeeInvis .   C - +3 hand axe (drain)
rCold   . . .      Faith    .   (no shield)
rNeg    . . .      Spirit   .   x - +0 chain mail
rPois   +          Reflect  .   d - +2 hat
rElec   .          Harm     .   u - +1 cloak
rCorr   .          Rampage  .   (no gloves)
Will    .....                   z - +2 pair of boots
Stlth   ..........              i - amulet "Kited" {Acrobat +Inv rF++}
HPRegen 0.22/turn               r - ring of poison resistance
MPRegen 0.11/turn               (no ring)

@: on berserk cooldown, slowed, very slow
A: horns 2, retaliatory headbutt
a: Renounce Religion, Evoke Invisibility, Berserk, Trog's Hand, Brothers in Arms


You were on level 9 of the Dungeon.
You worshipped Trog.
Trog was greatly pleased with you.
You visited 1 branch of the dungeon, and saw 9 of its levels.

You collected 573 gold pieces.

Inventory:

Hand Weapons
 a - a +0 war axe
 C - a +3 hand axe of draining (weapon)
Missiles
 f - 4 throwing nets
 n - 10 poisoned darts (quivered)
Armour
 d - a +2 hat (worn)
 u - a +1 cloak (worn)
 x - a +0 chain mail (worn)
 z - a +2 pair of boots (worn)
Jewellery
 i - the amulet "Kited" (around neck) {Acrobat +Inv rF++}
   (You acquired it on level 5 of the Dungeon)

   [amulet of the acrobat]

   It increases your evasion while moving and waiting.
   rF:        It greatly protects you from fire.
   +Inv:      It lets you turn invisible.
 r - a ring of poison resistance (left hand)
 t - a ring of protection from cold
Wands
 l - a wand of flame (24)
 q - a wand of roots (27)
Scrolls
 g - a scroll of brand weapon
 h - 8 scrolls of teleportation
 j - 2 scrolls of magic mapping
 y - 2 scrolls of enchant weapon
 D - 4 scrolls of identify
Potions
 c - a potion of lignification
 e - 4 potions of curing
 k - 4 potions of flight
 m - a potion of invisibility
 o - 4 potions of brilliance
 p - a potion of attraction
 s - 5 potions of heal wounds
 v - a potion of haste
 w - a potion of resistance
 A - a potion of degeneration
 B - a potion of mutation


   Skills:
 - Level 3.6 Fighting
 + Level 19.1 Axes
 - Level 2.4 Armour
 - Level 2.1 Dodging


You had 9 spell levels left.
You didn't know any spells.
Your spell library was empty.

Dungeon Overview and Level Annotations

Branches:
Dungeon (9/15)             Temple (0/1) D:4
   Lair: D:8-11         Orc: D:9-12

Altars:
Ashenzari
Kikubaaqudgha
Okawaru
Trog
Vehumet
Yredelemnul
The Shining One

Shops:
D:4 =   D:5 [

Annotations:
D:9 3 runed translucent doors, exclusion: ice statue


Innate Abilities, Weirdness & Mutations

You have a pair of horns on your head.
You reflexively headbutt those who attack you in melee.


Message History

There is an open translucent door here.
Partly explored, can't reach some items.
Press: ? - help, v - describe, . - travel The floor.
You open the door.
The ice statue glitters chillingly in the dim dungeon light.
A red film seems to cover your vision as you go berserk!
You feel yourself moving faster!
You feel mighty!
You feel a strong urge to attack something.
The ice statue gestures at you. The shard of ice misses you.
There is an open translucent door here.
You feel your anger nearly subside.
You are no longer berserk.
You are exhausted.
You feel yourself slow down. The ice statue gestures at you.
The freezing blast misses you.
You see here a scroll labelled KUWIEPH YLEAHA.
You hit the ice statue but do no damage.
You are engulfed in freezing vapours.
You hit the ice statue.
You headbutt the ice statue, but do no damage.
The ice statue is lightly damaged.
You are engulfed in freezing vapours.
You slash the ice statue!
The ice statue is lightly damaged.
You are engulfed in freezing vapours.
You hit the ice statue.
You headbutt the ice statue, but do no damage.
You punch the ice statue, but do no damage.
The ice statue is lightly damaged.
You are engulfed in freezing vapours.
The ice statue gestures at you. The bolt of cold hits you!!
* * * LOW HITPOINT WARNING * * *
You hit the ice statue but do no damage.
You headbutt the ice statue, but do no damage.
The ice statue is lightly damaged.
You are engulfed in freezing vapours.
You die...

...............#'#...#+######..#.
.............###.###........#..#.
<..........###.....###......####.
...........#...#+#...#...........
..........##.###.###.##..........
.....[....#..#.....#..#..........
.........##.##..(..##.##.........
.........+..+..○8°..+..+.........
.........##.##.°@°.##.##.........
..........#..#°○°°.#..#..........
........#.##.###.###.##..........
#########..#...#'#...#..####.....
.....>.[...###.....###.....#.....
......)......###.###.......####'#
......###'##...#+#...............
#######.....#....................
............#....................


You could see an ice statue.

Vanquished Creatures
  2 two-headed ogres
  Amaemon (D:8)
  Maggie (D:9)
  An orange demon (D:8)
  A hornet (D:9)
  Grinder (D:3)
  Sigmund (D:3)
  2 wyverns (D:9)
  A steam dragon (D:7)
  A water moccasin (D:6)
  2 sky beasts
  An ice beast (D:8)
  2 ogres
  2 centaurs (D:8)
  3 elf zombies (D:8)
  A kobold brigand (D:8)
  2 bullfrogs
  4 scorpions (D:6)
  A gnoll sergeant (D:6)
  3 necrophages
  An elf skeleton (D:8)
  8 wights (D:7)
  5 killer bees (D:8)
  A vampire bat (D:8)
  3 jellies
  2 gnoll boudas
  3 orc priests
  5 hounds
  Terence (D:2)
  An iguana (D:5)
  5 orc wizards
  A human skeleton (D:8)
  Robin (D:3)
  6 adders
  17 gnolls
  2 white imps
  2 ufetubi
  4 dart slugs
  32 orcs
  7 ball pythons
  2 bat skeletons (D:8)
  3 bat zombies (D:8)
  6 endoplasms
  A giant cockroach (D:1)
  13 goblins
  12 hobgoblins
  8 quokkas
  4 bats
  A frilled lizard (D:3)
  12 kobolds
  An orc zombie (D:8)
  3 rats
206 creatures vanquished.

Vanquished Creatures (others)
  An orc (D:6)
  2 plants (D:6)
3 creatures vanquished.

Grand Total: 209 creatures vanquished

Notes
Turn   | Place    | Note
-------+----------+-------------------------------------------
     0 | D:1      | BuddhaDhamma the Minotaur Berserker began the quest for the
                  | Orb.
     0 | D:1      | Reached XP level 1. HP: 19/19 MP: 0/0
   105 | D:1      | Reached skill level 4 in Axes
   109 | D:1      | Reached XP level 2. HP: 13/26 MP: 1/1
   495 | D:1      | Reached skill level 5 in Axes
   672 | D:1      | Reached XP level 3. HP: 31/31 MP: 2/2
  1062 | D:2      | Noticed Terence
  1066 | D:2      | Reached ** piety under Trog
  1070 | D:2      | Killed Terence
  1162 | D:2      | Found a faded altar of an unknown god.
  1286 | D:2      | Reached skill level 6 in Axes
  1286 | D:2      | Reached XP level 4. HP: 39/39 MP: 3/3
  1778 | D:3      | Found a basalt altar of Yredelemnul.
  1781 | D:3      | Noticed Robin
  1796 | D:3      | Killed Robin
  2036 | D:3      | Noticed Sigmund
  2046 | D:3      | Killed Sigmund
  2047 | D:3      | Reached skill level 8 in Axes
  2047 | D:3      | Reached XP level 5. HP: 24/45 MP: 4/4
  2052 | D:3      | Reached XP level 6. HP: 26/51 MP: 5/5
  2211 | D:3      | Noticed Grinder
  2224 | D:3      | Killed Grinder
  2225 | D:3      | Reached skill level 9 in Axes
  2696 | D:4      | Reached XP level 7. HP: 57/57 MP: 6/6
  2784 | D:4      | Found a bloodstained altar of Trog.
  2947 | D:4      | Reached skill level 10 in Axes
  2986 | D:4      | Found Woxok's Jewellery Shoppe.
  3021 | D:4      | Reached *** piety under Trog
  3038 | D:4      | Found a staircase to the Ecumenical Temple.
  3622 | D:5      | Entered Level 5 of the Dungeon
  3753 | D:5      | Reached skill level 11 in Axes
  3801 | D:5      | Reached XP level 8. HP: 27/64 MP: 7/7
  4047 | D:5      | Found Tatetoz's Armour Boutique.
  4463 | D:5      | Identified a scroll of acquirement
  4463 | D:5      | Acquired the amulet "Kited" {Acrobat +Inv rF++}
  4495 | D:6      | Reached skill level 12 in Axes
  4530 | D:6      | Reached skill level 13 in Axes
  4683 | D:6      | Found a glowing golden altar of the Shining One.
  4851 | D:6      | Reached skill level 14 in Axes
  5139 | D:7      | Reached XP level 9. HP: 68/70 MP: 8/8
  5667 | D:7      | Reached skill level 15 in Axes
  6062 | D:8      | Reached **** piety under Trog
  6117 | D:8      | Noticed an orange demon
  6138 | D:8      | Killed an orange demon
  6225 | D:8      | Reached skill level 16 in Axes
  6391 | D:8      | Noticed Amaemon
  6401 | D:8      | Killed Amaemon
  6402 | D:8      | Reached skill level 17 in Axes
  6402 | D:8      | Reached XP level 10. HP: 77/77 MP: 9/9
  6524 | D:8      | Found a radiant altar of Vehumet.
  6528 | D:8      | Noticed a two-headed ogre
  6536 | D:8      | Killed a two-headed ogre
  6621 | D:8      | Found a broken altar of Ashenzari.
  6625 | D:8      | Saw a vision of the Shoals and the Snake Pit.
  6625 | D:8      | Noticed a naga warrior
  6625 | D:8      | Noticed a merfolk impaler
  6625 | D:8      | Noticed a manticore
  6625 | D:8      | Noticed a merfolk siren
  6625 | D:8      | Noticed a water nymph
  6626 | D:8      | Noticed a water nymph
  6678 | D:8      | Found an ancient bone altar of Kikubaaqudgha.
  6907 | D:8      | Reached skill level 18 in Axes
  7186 | D:9      | Found a runed translucent door.
  7229 | D:9      | Found a runed translucent door.
  7241 | D:9      | Noticed a two-headed ogre
  7243 | D:9      | Noticed Maggie
  7255 | D:9      | Paralysed by a hornet for 3 turns
  7263 | D:9      | Killed a two-headed ogre
  7268 | D:9      | Killed Maggie
  7410 | D:9      | Found a runed translucent door.
  7420 | D:9      | Found a runed translucent door.
  7465 | D:9      | Noticed an ice statue
  7617 | D:9      | Found Teatt's Jewellery Shop.
  7766 | D:9      | Reached skill level 19 in Axes
  7902 | D:9      | Found an iron altar of Okawaru.
  8016 | D:9      | Engulfed by an ice statue's freezing vapour

Illustrated notes

Levels and vault maps discovered:
D:1:      denvon_arrival_planthouse, layout_basic
D:2:      layout_basic, hellmonk_ecumenical_altar_pennies_from_heaven,
          uniq_terence
D:3:      layout_rooms, yredelemnul_altar_generic,
          minmay_fractal_squares_gapless_5, uniq_sigmund, uniq_robin,
          uniq_grinder
D:4:      layout_basic, bloody_trog, minmay_temple_entry_drinking_statues,
          serial_shops, nicolae_shop_statue_plus, st_stairs_6,
          kennysheep_generic_room_9
D:5:      layout_basic, serial_shops, nicolae_shop_advertising_works
          [nicolae_subvault_shop_adworks]
D:6:      layout_rooms, tso_oasis_becter
D:7:      layout_loops_cross
D:8:      layout_cave_pools, grunt_ashenzari_visionary
          [grunt_ashenzari_visionary_shoals, grunt_ashenzari_visionary_snake],
          kennysheep_vampire_church, mainiacjoe_overflow_24_doors,
          nicolae_ossuary_entry_catacombs, uniq_amaemon
D:9:      layout_irregular_city, okawaru_altar_gauntlet_db, serial_shops, shop,
          minmay_statue_crystal_thing, uniq_maggie

Skill      XL: |  1  2  3  4  5  6  7  8  9 10 |
---------------+-------------------------------+-----
Axes           | 4 5 6 8 9 11 14 17 19 | 19.1
Fighting       | |  3.6
Armour         | |  2.4
Dodging        | |  2.1

Action                   |  1- 3 |  4- 6 |  7- 9 | 10-12 || total
-------------------------+-------+-------+-------+-------++-------
Melee: Hand axe          |    44 |    60 |   263 |   116 ||   483
       Headbutt          |     7 |    12 |    38 |    20 ||    77
       Punch             |       |       |     4 |     6 ||    10
Throw: Dart              |       |       |     2 |       ||     2
Invok: Berserk           |     1 |     3 |     6 |     3 ||    13
       Trog's Hand       |       |       |     1 |       ||     1
 Abil: Evoke Invisibilit |       |       |     2 |       ||     2
  Use: Scroll            |       |     9 |    15 |     3 ||    27
 Stab: Sleeping          |     2 |       |       |       ||     2
       Invisible         |       |       |     7 |       ||     7
Armor: Animal skin       |     5 |       |       |       ||     5
       Scale mail        |     5 |    29 |    17 |       ||    51
       Chain mail        |       |       |   101 |    48 ||   149
Dodge: Dodged            |    24 |    34 |   107 |    63 ||   228
